AoeStats
← Hoyall

Arabia

510068050Analyzed
1v1 RM · 2d ago on Sep 29, 2026· 44m 31s· 2 players
Game mode
Random Map
Map size
Tiny (2 player)
Population
200
Speed
Normal
Resources
Standard
Victory
Conquest
Starting age
Dark Age
Ending age
Imperial Age
RankedLock teamsTeams togetherTeam positionsShared explorationLock speedFull tech treeHidden civsTurbo modeCheats
Victory
Defeat
🇧🇷 Poles · Brazil
1679
+11
🇮🇳 Byzantines · India
1572
-11
Chaos
6:35 Loom
9:12 Feudal Age
9:29 Man-at-Arms
15:50 Horse Collar
15:58 Double-Bit Axe
17:22 Wheelbarrow
17:28 Padded Archer Armor
19:02 Fletching
22:11 Castle Age
21:14 Scale Barding Armor
21:23 Gold Mining
23:45 Bow Saw
23:34 Bodkin Arrow
24:59 Chain Barding Armor
28:38 Devotion
28:38 Light Cavalry
31:20 Forging
33:19 Heavy Plow
37:53 Imperial Age
35:45 Husbandry
36:22 Iron Casting
35:58 Stone Mining
39:11 Plate Barding Armor
38:47 Heavy Camel Rider
44:09 Chemistry
Hoyall
7:45 Loom
10:08 Feudal Age
11:56 Double-Bit Axe
11:51 Horse Collar
18:21 Town Watch
21:03 Castle Age
19:19 Scale Barding Armor
20:03 Bloodlines
20:39 Forging
22:19 Bow Saw
22:10 Heavy Plow
27:53 Pikeman
28:33 Squires
28:40 Scale Mail Armor
34:19 Imperial Age
32:42 Husbandry
33:34 Wheelbarrow
34:17 Chain Barding Armor
33:53 Gold Mining
34:41 Szlachta Privileges
34:28 Cavalier
36:18 Crop Rotation
36:37 Conscription
38:09 Capped Ram
42:34 Padded Archer Armor
42:51 Chain Mail Armor
43:12 Iron Casting
46:11 Blast Furnace
Connection lost

Rejoining the realm…

Still unreachable

The connection could not be restored.

Session expired

The server has moved on; the page needs a fresh start.